 Dungeon Crawl Stone Soup version 0.30-a0-782-ge64f9170bb (webtiles) character file.

Game seed: 11436864128816514178

234702 funkygono the Executioner (level 18, -6/178 HPs)
             Began as a Minotaur Fighter on Mar 12, 2023.
             Was a High Priest of Okawaru.
             Hit by a javelin thrown by a merfolk javelineer (10 damage)
             ... on level 4 of the Shoals on Mar 13, 2023.
             The game lasted 01:10:59 (31432 turns).

funkygono the Executioner (Minotaur Fighter)       Turns: 31432, Time: 01:10:59

Health: -6/178     AC: 39    Str: 31    XL:     18   Next: 45%
Magic:  27/27      EV:  8    Int:  1    God:    Okawaru [*****.]
Gold:   2113       SH: 21    Dex:  8    Spells: 17/17 levels left

rFire   + . .      SeeInvis +    P - +9 hand axe of Lublalez {venom, rElec Dex+3 Stlth+}
rCold   + . .      Faith    .    K - +2 kite shield {rN+}
rNeg    + + +      Spirit   .    J - +3 crystal plate armour
rPois   +          Reflect  +    q - +2 hat
rElec   +          Harm     .    M - +2 cloak
rCorr   +          Rampage  .    c - +0 pair of gloves of Sorpherur {rF+ rCorr Int-4 SInv}
Will    +....                    x - +2 pair of boots Stlth
                                 R - amulet of Jealousy {Reflect rElec Regen+ rCorr SH+5}
HPRegen 1.29/turn                S - ring of Gysecinn {rPois rC+ rN++ MP+9 Str+2 Dex-5}
MPRegen 0.20/turn                N - ring of flight

@: flying, studying Stealth
A: horns 2, retaliatory headbutt, low MP 1
}: 2/15 runes: serpentine, barnacled
a: Renounce Religion, Heroism, Finesse, Duel


You were on level 4 of the Shoals.
You worshipped Okawaru.
Okawaru was extremely pleased with you.
You visited 6 branches of the dungeon, and saw 31 of its levels.
You also visited: Bailey.

You collected 3273 gold pieces.
You spent 1160 gold pieces at shops.

Inventory:

Hand Weapons
 a - a +4 war axe of protection
 k - the +6 battleaxe of Uncertain Death {freeze, rElec rCorr}
   (You acquired it on level 6 of the Dungeon)

   rElec:     It insulates you from electricity.
   rCorr:     It protects you from acid and corrosion.
 t - a +2 war axe of electrocution
 F - the +1 broad axe of the Evening {holy, rPois Int+3}
   (Okawaru gifted it to you on level 5 of the Lair of Beasts)

   Int:       It affects your intelligence (+3).
   rPois:     It protects you from poison.
 P - the +9 hand axe of Lublalez (weapon) {venom, rElec Dex+3 Stlth+}
   (Okawaru gifted it to you on level 4 of the Shoals)

   Dex:       It affects your dexterity (+3).
   rElec:     It insulates you from electricity.
   Stlth:     It makes you more stealthy.
 Q - the +2 mace of Cyoreg {flame, *Corrode rC+++ Str+3 Dex+2}
   (You found it on level 4 of the Shoals)

   Str:       It affects your strength (+3).
   Dex:       It affects your dexterity (+2).
   rC:        It renders you almost immune to cold.
   *Corrode:  It may corrode you when you take damage.
 U - the +6 broad axe of Conflict {flame, rPois rCorr Str-3 Dex-5}
   (You found it on level 4 of the Shoals)

   Str:       It affects your strength (-3).
   Dex:       It affects your dexterity (-5).
   rPois:     It protects you from poison.
   rCorr:     It protects you from acid and corrosion.
Missiles
 u - 37 boomerangs (quivered)
 w - 2 throwing nets
 E - 36 poisoned darts
Armour
 c - the +0 pair of gloves of Sorpherur (worn) {rF+ rCorr Int-4 SInv}
   (You acquired it on level 3 of the Snake Pit)

   Int:       It affects your intelligence (-4).
   rF:        It protects you from fire.
   SInv:      It lets you see invisible.
   rCorr:     It protects you from acid and corrosion.
 q - a +2 hat (worn)
 x - a +2 pair of boots (worn)
 y - a +1 cloak of preservation
 J - a +3 crystal plate armour (worn)
 K - a +2 kite shield of positive energy (worn)
 M - a +2 cloak (worn)
Jewellery
 I - a ring of willpower
 L - a ring of poison resistance
 N - a ring of flight (right hand)
 R - the amulet of Jealousy (around neck) {Reflect rElec Regen+ rCorr SH+5}
   (You acquired it on level 9 of the Dungeon)

   [amulet of reflection]

   It reflects blocked missile attacks.
   rElec:     It insulates you from electricity.
   Regen:     It increases your rate of health regeneration.
   rCorr:     It protects you from acid and corrosion.
   SH:        It affects your SH (+5).
 S - the ring of Gysecinn (left hand) {rPois rC+ rN++ MP+9 Str+2 Dex-5}
   (You found it in a bailey)

   [ring of poison resistance]

   Str:       It affects your strength (+2).
   Dex:       It affects your dexterity (-5).
   rC:        It protects you from cold.
   rPois:     It protects you from poison.
   rN:        It greatly protects you from negative energy.
   MP:        It affects your magic capacity (+9).
 Z - a +4 ring of slaying
Wands
 h - a wand of mindburst (23)
 j - a wand of digging (5)
 G - a wand of acid (16)
 H - a wand of flame (60)
 T - a wand of paralysis (18)
 V - a wand of roots (12)
Scrolls
 b - 6 scrolls of blinking
 e - 4 scrolls of fear
 f - 15 scrolls of identify
 g - 3 scrolls of poison
 i - 7 scrolls of teleportation
 n - 4 scrolls of magic mapping
 o - 3 scrolls of silence
 r - 2 scrolls of amnesia
 X - 5 scrolls of fog
Potions
 d - 6 potions of might
 l - 2 potions of ambrosia
 m - 5 potions of cancellation
 p - 2 potions of heal wounds
 s - 4 potions of brilliance
 v - 5 potions of flight
 z - a potion of berserk rage
 A - 12 potions of curing
 B - 4 potions of haste
 C - 7 potions of mutation
 D - 4 potions of resistance
 O - 4 potions of invisibility


   Skills:
 + Level 19.7 Fighting
 + Level 22.3 Axes
 + Level 17.4 Armour
 + Level 6.4 Dodging
 + Level 4.4 Stealth
 + Level 19.6 Shields
 + Level 5.5 Invocations
 + Level 2.3 Evocations


You had 17 spell levels left.
You didn't know any spells.
Your spell library contained the following spells:

 Spells                   Type           Power      Damage    Failure   Level
 Magic Dart               Conj           0%         1d3       100%        1
 Necrotise                Necr           0%         1d4       100%        1
 Sandblast                Erth           0%         2d4       100%        1
 Blink                    Tloc           0%         N/A       100%        2
 Cigotuvi's Dreadful Rot  Necr/Pois/Air  0%         N/A       100%        2
 Ensorcelled Hibernation  Hex/Ice        0%         N/A       100%        2
 Passwall                 Tmut/Erth      0%         N/A       100%        2
 Poisonous Vapours        Pois/Air       0%         N/A       100%        2
 Inner Flame              Hex/Fire       0%         N/A       100%        3
 Mephitic Cloud           Conj/Pois/Air  0%         N/A       100%        3
 Portal Projectile        Hex/Tloc       0%         N/A       100%        3
 Swiftness                Air            0%         N/A       100%        3
 Vampiric Draining        Necr           0%         2d6       100%        3
 Flame Wave               Conj/Fire      0%         2d4       100%        4
 Manifold Assault         Tloc           0%         N/A       100%        4
 Petrify                  Tmut/Erth      0%         N/A       100%        4
 Sticky Flame             Conj/Fire      0%         2d3       100%        4
 Agony                    Necr           0%         N/A       100%        5
 Blade Hands              Tmut           0%         N/A       100%        5
 Iron Shot                Conj/Erth      0%         9d1       100%        6
 Statue Form              Tmut/Erth      0%         N/A       100%        6
 Storm Form               Tmut/Air       0%         N/A       100%        7
 Call Imp                 Summ           Unusable   N/A       N/A         2
 Tukima's Dance           Hex            Unusable   N/A       N/A         3

Dungeon Overview and Level Annotations

Branches:
Dungeon (15/15)            Temple (1/1) D:7            Lair (5/5) D:10
 Shoals (4/4) Lair:3        Snake (4/4) Lair:3        Slime (0/5) Lair:4
    Orc (2/2) D:12            Elf (0/3) Orc:2        Vaults (0/5) D:14
 Depths (0/4) D:15         Bailey (visited)

Altars:
Ashenzari
Cheibriados
Dithmenos
Elyvilon
Fedhas
Gozag
Hepliaklqana
Kikubaaqudgha
Makhleb
Nemelex Xobeh
Okawaru
Qazlal
Ru
Sif Muna
Trog
Uskayaw
Vehumet
Wu Jian
Xom
Yredelemnul
Zin
The Shining One
Jiyva

Shops:
D:5 :   D:7 ?   D:8 *   D:12 (   Orc:2 =?=*:   Shoals:4 !   Snake:2 =:=
Snake:3 ?!*?[[(

Annotations:
D:12 2 transporters, Ijiat's ghost, journeyman GrFE
Lair:4 1 runed translucent door
Shoals:4 Ilsuiw


Innate Abilities, Weirdness & Mutations

You have a pair of horns on your head.
You reflexively headbutt those who attack you in melee.
Your magical capacity is low. (-10% MP)


Message History

You block Ilsuiw's attack.
The merfolk siren chants its luring song.
The merfolk javelineer throws a javelin.
The javelin pierces through you but does no damage.
The javelin pierces through the merfolk siren!!
You miss Ilsuiw. Your headbutt misses Ilsuiw.
Ilsuiw is severely wounded.
You hit the merfolk javelineer.
The merfolk javelineer is poisoned.
Ilsuiw gestures at you while chanting. The shard of ice hits you!
You partially resist.
* * * LOW HITPOINT WARNING * * *
You block the merfolk siren's attack.
You slice Ilsuiw!!
Ilsuiw looks as sick as possible!
Your headbutt misses Ilsuiw.
Ilsuiw is almost dead.
You closely miss the merfolk javelineer.
The merfolk javelineer throws a javelin.
The javelin pierces through you!
* * * LOW HITPOINT WARNING * * *
The javelin pierces through the merfolk siren!!
You are no longer entranced.
The merfolk siren dies!
You hear a splash.
You closely miss Ilsuiw.
Ilsuiw is almost dead.
You hit the merfolk javelineer.
The merfolk javelineer looks as sick as possible!
You block Ilsuiw's attack.
The merfolk javelineer throws a javelin.
The javelin barely misses you.
You barely miss Ilsuiw. Your headbutt misses Ilsuiw.
Ilsuiw is almost dead.
You barely miss the merfolk javelineer. You block Ilsuiw's attack.
You closely miss the merfolk javelineer.
Your headbutt misses the merfolk javelineer.
The merfolk javelineer is severely wounded.
You slash Ilsuiw!
Ilsuiw looks as sick as possible!
The merfolk javelineer throws a javelin.
The javelin pierces through you!
You die...

~≈≈≈≈≈≈#≈..#≈..#.#..~~~~~~~~~~≈≈≈
~~≈≈≈≈≈##~....#.#.....~~.~..~~~≈≈
~~≈≈≈≈≈~##~....#.........~..~~†≈≈
~~≈≈≈≈≈≈~######.........~~~~~~~~≈
~~≈≈≈≈≈≈~~~.............~~~~~~~†~
~≈≈≈≈≈≈≈~~~..............~.~~~~~~
~≈≈≈≈≈≈≈~~~..####..........~~~~~~
~≈≈≈≈≈≈~~~~~##...m#........~~~~≈≈
≈≈≈≈≈≈≈≈~~~##≈~)@#~#~.......~~~~~
≈≈≈≈≈≈≈≈~~##≈≈#≈~m#~~~....~~~~~~~
≈≈≈≈≈≈≈~~~#~~#≈#≈)~~#~~~~~~~~~~~~
≈≈≈≈≈≈≈~~~#~~≈≈≈#≈~~#m~~~~~~~~~~~
≈≈≈≈≈≈~~~~#~~~≈≈ #~~# ~~~~~.~~~~~
≈≈≈≈≈~~~~~~~#~~≈ ≈## ~~~~~..~~~~
~≈≈≈≈~~~~~~#~#~~ ## ~~######~~
~~~≈~~~~~~~~#~~~ ~##~~~~.#~
~~~≈~~~.~~~~~~## ##~~~..#.#


You could see Ilsuiw (invisible, extremely poisoned) and a merfolk javelineer
(extremely poisoned).

Vanquished Creatures
  Nikola (Shoals:1)
  Jorgrun (Orc:2)
  3 krakens (Shoals:4)
  Gastronok (D:8)
  Frances (D:13)
  Roxanne (D:15)
  5 nagarajas (Snake:4)
  The ghost of Kicir the Blocker, an adept GnFi of Okawaru (Snake:3)
  The ghost of Maud the Impaler, a journeyman MiFi of Okawaru (Snake:2)
  A fire giant (D:15)
  The ghost of Laewn the Thaumaturge, a journeyman GnWr of Okawaru (Snake:3)
  An orc warlord (Bailey)
  Azrael (D:14)
  A spectral kraken (Shoals:4)
  2 fire dragons (Lair:5)
  The ghost of Uhykki the Thaumaturge, a journeyman DjFE of Makhleb (Lair:1)
  6 merfolk javelineers (Shoals:4)
  Josephine (D:11)
  7 merfolk impalers
  Erolcha (D:10)
  2 salamander tyrants (Snake:4)
  Harold (Orc:1)
  2 ghost crabs (Shoals:4)
  4 merfolk avatars
  The ghost of senseless the Grappler, a novice TrBe of Trog (D:8)
  4 alligator snapping turtles
  A death knight (D:15)
  16 anacondas
  5 centaur warriors
  2 dancing weapons (D:14)
  4 boulder beetles
  2 tengu warriors
  3 two-headed ogres
  2 merfolk aquamancers
  8 orc high priests (Orc:2)
  12 death yaks
  9 naga sharpshooters
  19 naga warriors
  3 shock serpents (Snake:3)
  Sonja (Lair:2)
  2 salamander mystics (Snake:4)
  4 skeletal warriors (D:12)
  11 sea snakes
  9 naga ritualists
  5 skysharks
  A swamp dragon (Lair:5)
  An orange crystal statue (D:10)
  An orc knight (Orc:2)
  19 harpies
  2 lindwurms (Lair:5)
  An orc sorcerer (Orc:2)
  A phantasmal warrior (D:15)
  19 manticores
  8 mana vipers
  An oklob plant (Lair:5)
  12 cyclopes
  10 salamanders
  A deep elf pyromancer (D:13)
  Maurice (Orc:1)
  6 fauns (Shoals:1)
  5 ugly things (D:14)
  4 water nymphs
  10 elephants
  9 merfolk sirens
  18 naga magi
  42 black mambas
  Joseph (D:7)
  14 guardian serpents
  2 gargoyles
  6 cane toads
  6 torpor snails (Lair:5)
  Maggie (D:7)
  Psyche (D:11)
  4 rime drakes
  10 komodo dragons
  An efreet (D:13)
  2 freezing wraiths (D:15)
  3 spectral merfolk (Shoals:4)
  3 polar bears
  A tengu conjurer (D:15)
  3 meliai (D:15)
  A spectral harpy (Shoals:4)
  29 merfolk
  3 trolls
  8 hornets
  3 wind drakes
  32 blink frogs
  3 tyrant leeches (Lair:5)
  6 dream sheep
  A spectral manticore (Shoals:4)
  11 snapping turtles
  7 slime creatures
  2 vampires
  A shadow (D:13)
  8 wraiths
  6 water elementals
  5 wyverns
  6 basilisks
  25 yaks
  3 fire elementals (D:14)
  4 steam dragons
  3 vampire mosquitoes (D:13)
  50 nagas
  11 wargs
  3 acid dragons
  20 water moccasins
  Duvessa (D:7)
  4 hell hounds (D:14)
  2 swamp drakes (Lair:5)
  2 black bears
  An ice beast (D:6)
  19 orc warriors
  19 wolves
  7 ogres
  12 centaurs
  3 phantoms
  9 bullfrogs
  A gnoll sergeant (D:10)
  2 necrophages (D:5)
  4 scorpions
  12 wights
  Dowan (D:7)
  9 killer bees
  A howler monkey (D:9)
  3 electric eels
  32 orc priests
  A gnoll bouda (D:7)
  4 hounds
  Crazy Yiuf (D:7)
  A hell rat (D:10)
  12 iguanas
  18 orc wizards
  7 adders
  21 gnolls
  A river rat (D:10)
  A white imp (D:7)
  A dart slug (D:1)
  2 worms
  79 orcs
  7 endoplasms
  3 giant cockroaches
  11 goblins
  7 hobgoblins
  9 jackals
  4 quokkas
  8 ball pythons
  4 bats
  2 frilled lizards
  18 kobolds
  14 rats
  8 tentacles (Shoals:4)
1039 creatures vanquished.

Vanquished Creatures (others)
  A hydra (D:14)
  A manticore (Shoals:2)
  A black mamba (Snake:2)
  A merfolk siren (Shoals:4)
  20 fungi
  168 plants
  11 tentacles (Shoals:4)
  14 withered plants
217 creatures vanquished.

Grand Total: 1256 creatures vanquished

Notes
Turn   | Place    | Note
-------+----------+-------------------------------------------
     0 | D:1      | funkygono the Minotaur Fighter began the quest for the Orb.
     0 | D:1      | Reached XP level 1. HP: 19/19 MP: 0/0
   131 | D:1      | Found a faded altar of an unknown god.
   193 | D:1      | Reached XP level 2. HP: 27/27 MP: 1/1
   813 | D:2      | Reached XP level 3. HP: 30/33 MP: 2/2
   953 | D:2      | Reached skill level 3 in Axes
  1401 | D:2      | Identified the +6 chain mail "Onkian" {Contam Rampage Str+2
                  | Dex+8}
  1427 | D:2      | Reached XP level 4. HP: 39/40 MP: 3/3
  1917 | D:3      | Reached skill level 4 in Axes
  2632 | D:4      | Reached XP level 5. HP: 47/47 MP: 4/4
  2722 | D:4      | Reached skill level 5 in Axes
  2797 | D:4      | Reached skill level 5 in Armour
  2797 | D:4      | Reached XP level 6. HP: 50/53 MP: 5/5
  2880 | D:4      | Reached skill level 1 in Dodging
  3239 | D:5      | Entered Level 5 of the Dungeon
  3269 | D:5      | Found Nony's Tremendous Tomes.
  3402 | D:5      | Noticed an orc warrior
  3416 | D:5      | Killed an orc warrior
  3417 | D:5      | Reached skill level 6 in Axes
  3417 | D:5      | Reached XP level 7. HP: 28/60 MP: 6/6
  3556 | D:5      | Reached skill level 5 in Fighting
  3556 | D:5      | Reached skill level 5 in Shields
  3614 | D:5      | Reached skill level 7 in Axes
  4159 | D:6      | Reached XP level 8. HP: 42/69 MP: 7/7
  4377 | D:6      | Reached skill level 8 in Axes
  4836 | D:7      | Reached skill level 9 in Axes
  4923 | D:7      | Noticed Maggie
  4932 | D:7      | Killed Maggie
  4933 | D:7      | Reached skill level 10 in Axes
  4933 | D:7      | Reached XP level 9. HP: 54/78 MP: 8/8
  5015 | D:7      | Found a hide-covered altar of Uskayaw.
  5187 | D:7      | Noticed a manticore
  5200 | D:7      | Killed a manticore
  5201 | D:7      | Reached skill level 1 in Stealth
  5583 | D:7      | Noticed Duvessa
  5584 | D:7      | Noticed Dowan
  5594 | D:7      | Killed Dowan
  5594 | D:7      | Killed Duvessa
  5709 | D:7      | Found a staircase to the Ecumenical Temple.
  5852 | D:7      | Found a runed translucent door.
  5905 | Temple   | Entered the Ecumenical Temple
  6107 | Temple   | Became a worshipper of Warmaster Okawaru
  6177 | D:7      | Found Qashroono's Magic Scroll Emporium.
  6185 | D:7      | Bought a scroll of identify for 30 gold pieces
  6185 | D:7      | Bought a scroll of identify for 30 gold pieces
  6316 | D:7      | Noticed Crazy Yiuf
  6399 | D:7      | Noticed Joseph
  6409 | D:7      | Killed Joseph
  6410 | D:7      | Reached skill level 11 in Axes
  6554 | D:7      | Killed Crazy Yiuf
  6686 | D:6      | Identified a scroll of acquirement
  6686 | D:6      | Acquired the +6 battleaxe of Uncertain Death {freeze, rElec
                  | rCorr}
  6726 | D:8      | Found a runed translucent gate.
  6726 | D:8      | Found a runed translucent gate.
  6726 | D:8      | Found a runed translucent gate.
  6735 | D:8      | Reached * piety under Okawaru
  6768 | D:8      | Noticed Gastronok
  6787 | D:8      | Killed Gastronok
  6787 | D:8      | Reached ** piety under Okawaru
  6788 | D:8      | Reached skill level 12 in Axes
  6788 | D:8      | Reached XP level 10. HP: 73/88 MP: 9/9
  6983 | D:8      | Found a blossoming altar of Fedhas.
  7106 | D:8      | Found Zin's Purification Station.
  7106 | D:8      | Found a glowing silver altar of Zin.
  7310 | D:8      | Noticed senseless's ghost (novice TrBe)
  7342 | D:9      | Found a flagged portal.
  7357 | Bailey   | Entered a bailey
  7378 | Bailey   | Noticed an orc warlord
  7483 | Bailey   | Found a runed translucent gate.
  7485 | Bailey   | Found a runed translucent gate.
  7487 | Bailey   | Found a runed translucent gate.
  7595 | Bailey   | Killed an orc warlord
  7595 | Bailey   | Reached *** piety under Okawaru
  7596 | Bailey   | Reached skill level 13 in Axes
  7615 | Bailey   | Identified the ring of Gysecinn {rPois rC+ rN++ MP+9 Str+2
                  | Dex-5}
  7877 | D:9      | Noticed a cyclops
  7884 | D:9      | Killed a cyclops
  7885 | D:9      | Reached skill level 10 in Armour
  7914 | D:9      | Found a white marble altar of Elyvilon.
  7937 | D:9      | Reached **** piety under Okawaru
  8308 | D:9      | Reached XP level 11. HP: 70/97 MP: 10/10
  8509 | D:9      | Reached skill level 14 in Axes
  8742 | D:9      | Found an ornate altar of the Wu Jian Council.
  8866 | D:9      | Acquired the amulet of Jealousy {Reflect rElec Regen+ rCorr
                  | SH+5}
  8889 | D:10     | Entered Level 10 of the Dungeon
  8948 | D:10     | Noticed an orange crystal statue
  8959 | D:10     | Killed an orange crystal statue
  8960 | D:10     | Reached skill level 1 in Invocations
  9148 | D:10     | Noticed a death yak
  9150 | D:10     | Noticed a death yak
  9166 | D:10     | Noticed a death yak
  9170 | D:10     | Killed a death yak
  9179 | D:10     | Killed a death yak
  9179 | D:10     | Reached ***** piety under Okawaru
  9180 | D:10     | Reached skill level 10 in Fighting
  9191 | D:10     | Killed a death yak
  9192 | D:10     | Reached skill level 15 in Axes
  9246 | D:10     | Found a staircase to the Lair.
  9348 | D:10     | Noticed Erolcha
  9359 | D:10     | Killed Erolcha
  9853 | D:11     | Found an opulent altar of Gozag.
  9904 | D:11     | Noticed a two-headed ogre
  9913 | D:11     | Killed a two-headed ogre
 10019 | D:11     | Noticed Josephine
 10029 | D:11     | Killed Josephine
 10030 | D:11     | Reached XP level 12. HP: 100/108 MP: 12/12
 10160 | D:11     | Noticed Psyche
 10166 | D:11     | Killed Psyche
 10291 | D:11     | Noticed a boulder beetle
 10303 | D:11     | Killed a boulder beetle
 10304 | D:11     | Reached skill level 16 in Axes
 10554 | D:12     | Found a staircase to the Orcish Mines.
 10642 | D:12     | Noticed a boulder beetle
 10648 | D:12     | Killed a boulder beetle
 10648 | D:12     | Identified the +5 ring mail of Iddog {Int+3 Dex+3} (Okawaru
                  | gifted it to you on level 12 of the Dungeon)
 10648 | D:12     | Received a gift from Okawaru
 10662 | D:12     | Found a gate leading to a gauntlet.
 10755 | D:12     | Noticed a two-headed ogre
 10760 | D:12     | Killed a two-headed ogre
 11052 | D:12     | Found a transporter.
 11054 | D:12     | Noticed a two-headed ogre
 11054 | D:12     | Noticed Ijiat's ghost (journeyman GrFE)
 11055 | D:12     | Found a transporter.
 11055 | D:12     | Noticed a yaktaur captain
 11100 | D:12     | Found Xoggudoa's Antique Weapon Boutique.
 11221 | D:13     | Noticed a tengu warrior
 11230 | D:13     | Killed a tengu warrior
 11374 | D:13     | Noticed a centaur warrior
 11381 | D:13     | Killed a centaur warrior
 11534 | D:13     | Noticed Frances
 11536 | D:13     | Reached skill level 17 in Axes
 11557 | D:13     | Killed Frances
 12132 | Lair:1   | Entered Level 1 of the Lair of Beasts
 12239 | Lair:1   | Reached XP level 13. HP: 118/118 MP: 14/14
 12322 | Lair:1   | You fall into a shaft and drop 1 floor!
 12614 | Lair:1   | Found a runed translucent door.
 12616 | Lair:1   | Noticed Uhykki's ghost (journeyman DjFE)
 12916 | Lair:1   | Killed Uhykki's ghost
 12989 | Lair:2   | Reached skill level 10 in Shields
 13064 | Lair:2   | Identified the +1 robe of Untold Secrets {rF- rN++ Dex+3}
 13135 | Lair:2   | Noticed Sonja
 13158 | Lair:2   | Killed Sonja
 13175 | Lair:2   | Identified the +0 scale mail of Patience {Str+6} (Okawaru
                  | gifted it to you on level 2 of the Lair of Beasts)
 13175 | Lair:2   | Received a gift from Okawaru
 13790 | Lair:3   | Found a staircase to the Shoals.
 13796 | Lair:3   | Reached skill level 18 in Axes
 13830 | Lair:3   | Reached skill level 5 in Dodging
 13834 | Lair:3   | Reached ****** piety under Okawaru
 13930 | Lair:3   | Found a staircase to the Snake Pit.
 14792 | Lair:4   | Reached XP level 14. HP: 129/130 MP: 16/16
 14880 | Lair:4   | Found a runed translucent door.
 14880 | Lair:4   | Found a viscous altar of Jiyva.
 14881 | Lair:4   | Noticed an acid blob
 14881 | Lair:4   | Noticed an acid blob
 15447 | Lair:4   | Found a staircase to the Slime Pits.
 15466 | Lair:5   | Entered Level 5 of the Lair of Beasts
 15517 | Lair:5   | Identified the +1 broad axe of the Evening {holy, rPois
                  | Int+3} (Okawaru gifted it to you on level 5 of the Lair of
                  | Beasts)
 15517 | Lair:5   | Received a gift from Okawaru
 15760 | Lair:5   | Identified the +5 plate armour of the Undertaker {Dex+4}
                  | (Okawaru gifted it to you on level 5 of the Lair of Beasts)
 15760 | Lair:5   | Received a gift from Okawaru
 16110 | Lair:5   | Reached skill level 19 in Axes
 16434 | Lair:5   | Found a runed translucent door.
 16548 | Lair:5   | Reached skill level 15 in Fighting
 16918 | Orc:1    | Entered Level 1 of the Orcish Mines
 17054 | Orc:1    | Noticed Harold
 17060 | Orc:1    | Noticed Maurice
 17064 | Orc:1    | Killed Harold
 17072 | Orc:1    | Killed Maurice
 17360 | Orc:2    | Entered Level 2 of the Orcish Mines
 17664 | Orc:2    | Noticed Jorgrun
 17687 | Orc:2    | Killed Jorgrun
 17687 | Orc:2    | Received a gift from Okawaru
 17688 | Orc:2    | Reached XP level 15. HP: 61/141 MP: 17/17
 17809 | Orc:2    | Found Vubbeoq's Jewellery Boutique.
 17889 | Orc:2    | Found Zetsutist's Assorted Antiques.
 17976 | Orc:2    | Bought 2 scrolls of enchant armour for 495 gold pieces
 17976 | Orc:2    | Bought a scroll of enchant armour for 247 gold pieces
 18155 | Orc:2    | Found a staircase to the Elven Halls.
 18209 | Orc:2    | Found Teicaoh's Magic Scroll Emporium.
 18222 | Orc:2    | Found Qiukafri's Jewellery Boutique.
 18380 | Orc:2    | Found Ugrakkaxt's Book Boutique.
 18625 | D:8      | Killed senseless's ghost
 18825 | Snake:1  | Entered Level 1 of the Snake Pit
 19144 | Snake:1  | Received a gift from Okawaru
 19184 | Snake:1  | Gained mutation: Your magical capacity is low. (-10% MP)
                  | [mutagenic glow]
 20425 | Snake:2  | Reached skill level 20 in Axes
 20543 | Snake:2  | Found a runed translucent door.
 20547 | Snake:2  | Noticed Maud's ghost (journeyman MiFi)
 20880 | Snake:2  | Found Myefyajo's Jewellery Shoppe.
 20885 | Snake:2  | Found Zoiph's Book Shop.
 20886 | Snake:2  | Found Aranyfy's Jewellery Shoppe.
 21073 | Snake:2  | Received a gift from Okawaru
 21327 | Snake:2  | Killed Maud's ghost
 21328 | Snake:2  | Reached skill level 15 in Armour
 21469 | Snake:3  | Found Kicoggayg's Magic Scroll Emporium.
 21483 | Snake:3  | Reached XP level 16. HP: 141/154 MP: 16/16
 21513 | Snake:3  | Reached skill level 15 in Shields
 21525 | Snake:3  | Bought a scroll of enchant armour for 142 gold pieces
 21539 | Snake:3  | Found Diralerha's General Store.
 21609 | Snake:3  | Found Eclakiag's Antique Armour Boutique.
 21623 | Snake:3  | Found Miash's Antique Weapon Shop.
 21623 | Snake:3  | Found Fica's Magic Scroll Boutique.
 21642 | Snake:3  | Found Gadarr's Antique Armour Shop.
 21795 | Snake:3  | Found Hajuilof's Weapon Shop.
 21952 | Snake:3  | Found Qyan's Antique Weapon Shop.
 22080 | Snake:3  | Found a runed translucent gate.
 22080 | Snake:3  | Found a runed translucent gate.
 22081 | Snake:3  | Found a runed translucent gate.
 22083 | Snake:3  | Noticed Kicir's ghost (adept GnFi)
 22083 | Snake:3  | Noticed Laewn's ghost (journeyman GnWr)
 22094 | Snake:3  | Found Muzocw's Distillery.
 22097 | Snake:3  | Bought 3 potions of might for 216 gold pieces
 22674 | Snake:3  | Killed Kicir's ghost
 22684 | Snake:3  | Killed Laewn's ghost
 22697 | Snake:3  | Acquired the +0 pair of gloves of Sorpherur {rF+ rCorr
                  | Int-4 SInv}
 22781 | Snake:4  | Entered Level 4 of the Snake Pit
 22939 | Snake:4  | Reached skill level 5 in Invocations
 24147 | Snake:4  | Identified the +1 scale mail of Gisud {rElec Regen+ Str+3
                  | Dex-3} (Okawaru gifted it to you on level 4 of the Snake
                  | Pit)
 24147 | Snake:4  | Received a gift from Okawaru
 24237 | Snake:4  | Reached skill level 21 in Axes
 24301 | Snake:4  | Reached XP level 17. HP: 146/163 MP: 17/17
 24417 | Snake:4  | Got a serpentine rune of Zot
 24805 | D:14     | Found a gate to the Vaults.
 24845 | D:14     | Noticed Azrael
 24852 | D:14     | Killed Azrael
 25263 | D:14     | Found a stormy altar of Qazlal.
 25886 | D:15     | Entered Level 15 of the Dungeon
 25965 | D:15     | Reached skill level 1 in Evocations
 26192 | D:15     | Identified Roxanne's Textbook on Lithomancy
 26192 | D:15     | Noticed Roxanne
 26206 | D:15     | Killed Roxanne
 26530 | D:15     | Found a staircase to the Depths.
 26993 | Shoals:1 | Entered Level 1 of the Shoals
 27161 | Shoals:1 | Noticed Nikola
 27183 | Shoals:1 | Killed Nikola
 30066 | Shoals:4 | Entered Level 4 of the Shoals
 30096 | Shoals:4 | Reached XP level 18. HP: 81/176 MP: 18/18
 30252 | Shoals:4 | Reached skill level 22 in Axes
 30362 | Shoals:4 | Found Leciopp's Distillery.
 30541 | Shoals:4 | Identified the +9 hand axe of Lublalez {venom, rElec Dex+3
                  | Stlth+} (Okawaru gifted it to you on level 4 of the Shoals)
 30541 | Shoals:4 | Received a gift from Okawaru
 30600 | Shoals:4 | Identified the +2 mace of Cyoreg {flame, *Corrode rC+++
                  | Str+3 Dex+2}
 31276 | Shoals:4 | Got a barnacled rune of Zot
 31383 | Shoals:4 | Identified the +6 broad axe of Conflict {flame, rPois rCorr
                  | Str-3 Dex-5}
 31393 | Shoals:4 | Noticed Ilsuiw
 31429 | Shoals:4 | HP: 2/178 [merfolk javelineer/javelin (14)]
 31432 | Shoals:4 | Hit by a javelin thrown by a merfolk javelineer

Illustrated notes

Levels and vault maps discovered:
D:1:      lemuel_arrival_room, layout_basic, shapermc_ecumenical_altar_gd
D:2:      layout_basic, minmay_randomly_rotated_circles
D:3:      layout_basic, minmay_liquid_box
D:4:      layout_cave_pools
D:5:      layout_gridville, hangedman_abyss_or_decor_jellyfish_corner,
          nicolae_shop_i_like_big_books, kennysheep_generic_room_11
D:6:      layout_rooms
D:7:      layout_basic, mainiacjoe_overflow_six_doors_small, temple_doors_e,
          serial_shops, shop, serial_glass, glass_columns_b, glass_columns_a,
          st_stairs_1, uniq_duvessa, uniq_crazy_yiuf_cottage, uniq_joseph,
          uniq_maggie
D:8:      layout_rooms, zin_purify, fedhas_altar_3, ebering_ghost_rock_garden,
          uniq_gastronok
D:9:      layout_loops_corners, mainiacjoe_overflow_small_starburst,
          marbit_many_paths, enter_bailey_2
D:10:     layout_basic, dpeg_lair_monsters, minmay_statue_bubble, uniq_erolcha
D:11:     layout_roguey, nicolae_gozag_seed_capital, uniq_josephine, uniq_psyche
D:12:     layout_roguey, minmay_orc_entry_temple_small, gammafunk_ghost_arena,
          serial_shops, kennysheep_mini, gauntlet_entry_generic
D:13:     layout_basic, minivault_22, nooodl_orcs_dogs, uniq_frances
D:14:     layout_basic, erik_vaults_1, nicolae_qazlal_general_emergency,
          lemuel_freeze_loot_1, uniq_azrael
D:15:     grunt_enter_depths_giant_problem, layout_basic, uniq_roxanne
Temple:   nicolae_temple_bog_church
Lair:1:   layout_gridlike, gammafunk_ghost_grave
Lair:2:   layout_misc_corridors, hangedman_lair_unloving_vines, uniq_sonja
Lair:3:   layout_misc_corridors, minmay_shoals_entry_centaurs,
          minmay_snake_entry_six_corridors, serial_bayou, serial_bayou_shore_a,
          serial_bayou_lagoon_a, serial_bayou_lagoon_b, evilmike_ambush
          [evilmike_ambush_outer_corners, evilmike_ambush_inner_basic],
          infiniplex_staircase_pool_2
Lair:4:   layout_roguey, slime_entry_2, patterned_corridor
Lair:5:   guppyfry_lair_end_dragon, layout_gridlike, wormcave, st_stairs_7,
          infiniplex_staircase_pool
Shoals:1: layout_shoals, nicolae_shoals_dead_sea_scrolls, uniq_nikola
Shoals:2: layout_shoals
Shoals:3: layout_shoals, hangedman_shoals_cup_caves
Shoals:4: shoals_end_hangedman, layout_shoals, shoals_ilsuiw_alternative,
          serial_shops, nicolae_shop_waterfront, nicolae_shoals_spectral_cove
Snake:1:  layout_layer_cave
Snake:2:  layout_gridlike, ebering_ghost_reflecting_pool, drop_trap,
          grunt_megastairs_3, minmay_shop_grove
Snake:3:  layout_cave_pods, serial_shops, nicolae_shop_window_shopping,
          nicolae_shop_stone, shop, nicolae_stop_n_shop_1,
          nicolae_shop_temple_entry_statues_fountains, special_room,
          gammafunk_ghost_cemetery, serial_bayou_ford_a, minmay_shoptagon
Snake:4:  grunt_snake_rune_serpentine_throne, layout_cave_town,
          nicolae_snake_yet_another_twisty_hallway
Orc:1:    layout_caves, mines2_david, uniq_maurice, uniq_harold
Orc:2:    st_orc_town, layout_caves, serial_shops, shop, basic_altar,
          uniq_jorgrun

Skill      XL: |  1  2  3  4  5  6  7  8  9 10 11 12 13 14 15 16 17 18 |
---------------+-------------------------------------------------------+-----
Fighting       | 4 5 6 7 9 10 12 13 15 16 18 19 | 19.7
Armour         | 4 5 6 7 9 10 11 12 13 14 15 16 17 | 17.4
Shields        | 4 5 6 7 8 9 11 13 14 17 18 19 | 19.6
Axes           | 3 4 5 6 7 10 12 13 15 17 18 19 20 21 22 | 22.3
Dodging        | 1 2 3 4 5 6 |  6.4
Stealth        | 2 3 4 |  4.4
Invocations    | 1 3 4 5 |  5.5
Evocations     | 2 |  2.3

Action                     |  1- 3 |  4- 6 |  7- 9 | 10-12 | 13-15 | 16-18 || total
---------------------------+-------+-------+-------+-------+-------+-------++-------
  Melee: War axe           |    93 |   127 |   180 |   470 |   711 |       ||  1581
         Headbutt          |     9 |    19 |    35 |   114 |   219 |   324 ||   720
         Broad axe         |       |       |       |       |   317 |  1025 ||  1342
         Hand axe          |       |       |       |       |       |   222 ||   222
 Invoke: Heroism           |       |       |       |    29 |    20 |    34 ||    83
         Finesse           |       |       |       |       |     1 |       ||     1
  Evoke: Wand              |       |       |       |       |     3 |    31 ||    34
    Use: Scroll            |       |       |    24 |    12 |     5 |     4 ||    45
         Potion            |       |       |       |     2 |     2 |     6 ||    10
   Stab: Distracted        |       |       |       |       |     1 |       ||     1
         Held in net/web   |       |       |       |       |       |     1 ||     1
 Armour: Scale mail        |    50 |    26 |       |       |       |       ||    76
         Chain mail        |       |    42 |    87 |   207 |   317 |       ||   653
         Crystal plate arm |       |       |       |       |   153 |   673 ||   826
  Dodge: Dodged            |    40 |    42 |    67 |   124 |   288 |   238 ||   799
  Block: Buckler           |    33 |    42 |    45 |   156 |   464 |       ||   740
         Reflection        |       |       |       |    11 |    29 |    93 ||   133
         Kite shield       |       |       |       |       |   150 |  1250 ||  1400

Table legend: (Time is in decaauts)
 A = Elapsed time spent in this place.
 B = Non-inter-level travel time spent in this place.
 C = Inter-level travel time spent in this place.
 D = Time resting spent in this place.
 E = Time spent auto-exploring this place.
 F = Levels seen in this place.
 G = Mean time per level.
                   A        B        C        D        E       F      G
               +--------+--------+--------+--------+--------+-----+--------+
         Total |  31052 |  28895 |   2157 |    276 |  22190 |  32 |  970.4 |
       Dungeon |  14075 |  12942 |   1133 |    188 |  10224 |  15 |  938.3 |
        Temple |    236 |    214 |     22 |      0 |    168 |   1 |  236.0 |
          Lair |   4902 |   4204 |    698 |      0 |   3336 |   5 |  980.4 |
        Shoals |   4236 |   4165 |     71 |      0 |   3044 |   4 | 1059.0 |
     Snake Pit |   5658 |   5442 |    216 |     88 |   4117 |   4 | 1414.5 |
  Orcish Mines |   1523 |   1509 |     14 |      0 |   1132 |   2 |  761.5 |
        Bailey |    419 |    419 |      0 |      0 |    168 |   1 |  419.0 |
               +--------+--------+--------+--------+--------+-----+--------+

Top non-repeatable levels by time:
 Snake:4: 1727 daAuts
     D:7: 1591 daAuts
 Snake:1: 1407 daAuts
 Snake:3: 1325 daAuts
Shoals:4: 1258 daAuts
  Lair:5: 1248 daAuts
    D:10: 1237 daAuts
     D:9: 1207 daAuts
 Snake:2: 1198 daAuts
  Lair:1: 1153 daAuts
    D:14: 1110 daAuts
   Orc:2: 1077 daAuts
Shoals:3: 1061 daAuts
Shoals:1: 980 daAuts
  Lair:3: 975 daAuts
